 Dungeon Crawl Stone Soup version 0.27-a0-531-gb72ec1a1b6 (webtiles) character file.

Game seed: 6459790014162293848

199 jasper the Grave Robber (level 5, -2/37 (39) HPs)
             Began as a Demonspawn Necromancer on Mar 5, 2021.
             Killed from afar by an orc wizard (8 damage)
             ... with a puff of flame
             ... on level 4 of the Dungeon.
             The game lasted 00:04:43 (3004 turns).

jasper the Grave Robber (Demonspawn Necromancer)    Turns: 3004, Time: 00:04:44

HP:   -2/37 (39)    AC:  6    Str:  8    XL:     5   Next: 48%
MP:   7/8           EV: 12    Int: 17    God:
Gold: 109           SH:  0    Dex: 14    Spells: 3/8 levels left

rFire    . . .     SeeInvis .   h - +3 whip (elec)
rCold    . . .     Faith    .   (no shield)
rNeg     . . .     Spirit   .   a - +0 robe
rPois    .         Reflect  .   (helmet restricted)
rElec    .         Harm     .   (no cloak)
rCorr    .         Rampage  .   (no gloves)
Will     .....                  d - +1 pair of boots
Stlth    +.........             (no amulet)
HPRegen  0.12/turn              (no ring)
MPRegen  0.11/turn              (no ring)

@: confused, drained
A: horns 1, thin metallic scales 1, icemail 1, condensation shield
a: no special abilities


You were on level 4 of the Dungeon.
You visited 1 branch of the dungeon, and saw 4 of its levels.

You collected 109 gold pieces.

Inventory:

Hand Weapons
 e - a +0 dagger
 h - a +3 whip of electrocution (weapon)
Armour
 a - a +0 robe (worn)
 b - a +0 ring mail
 d - a +1 pair of boots (worn)
 f - a +0 pair of boots
 l - a scarf of invisibility
Scrolls
 g - a scroll of immolation
 j - a scroll of magic mapping
Potions
 i - a potion of degeneration
 k - a potion of flight


   Skills:
 + Level 2.3 Fighting
 + Level 2.1 Armour
 - Level 1.7 Dodging
 - Level 1.7 Stealth
 - Level 2.0 Spellcasting
 * Level 6.1 Necromancy


You had 3 spell levels left.
You knew the following spells:

 Your Spells              Type           Power      Damage    Failure   Level
a - Pain                  Necr           88%        1d8       1%          1
b - Vampiric Draining     Necr           11%        2d7       4%          3
c - Animate Skeleton      Necr           44%        N/A       1%          1

Your spell library contained the following spells:

 Spells                   Type           Power      Damage    Failure   Level
 Animate Dead             Necr           11%        N/A       16%         4
 Agony                    Necr           22%        N/A       38%         5


Dungeon Overview and Level Annotations

Branches:
Dungeon (4/15)
 Temple: D:4-7

Altars:

Annotations:
D:3 Sigmund


Innate Abilities, Weirdness & Mutations

You have a pair of small horns on your head.
You are partially covered in thin metallic scales. (AC +2)
A meltable icy envelope protects you from harm. (AC +0)
A meltable shield of frost defends you. (SH +0)


Message History

A puff of flame appears from out of thin air!
The puff of flame hits you but does no damage.
The orc closely misses you.
Casting: Pain (safe; 1% risk of failure)
Confirm with . or Enter, or press ? or * to list all spells.
Aiming: Vampiric Draining (dangerous; 4% risk of failure)
Press: ? - help, Shift-Dir - straight line, f - orc wizard
Aim: an orc wizard, wielding a +0 dagger and wearing a +0 robe You draw life force from the orc wizard!
You feel life coursing into your body.
You hear a zap.
A puff of flame appears from out of thin air!
The puff of flame hits you! The orc wizard barely misses you.
You take 2 damage, and have 12/37 hp.
You now have 5/8 mp.
A magic dart appears from out of thin air!
The magic dart hits you!
* * * LOW HITPOINT WARNING * * *
You take 7 damage, and have 5/37 hp.
Casting: Vampiric Draining (dangerous; 4% risk of failure)
Confirm with . or Enter, or press ? or * to list all spells.
Okay, then.
Okay, then.
Blink to where?
Press: ? - help, Dir - move target, p - orc wizard
As you read the scroll of blinking, it crumbles to dust.
As you close the door, it creaks loudly!
Something unseen opens the door.
There is an open door here.
Things that are here:
a +0 dagger; a +0 flail; an orc skeleton You close the door.
Something unseen opens the door.
There is a stone staircase leading up here.
The orc wizard points at you and mumbles some strange words.
You are confused.
In your confused state, you trip and fall back down the stairs.
* * * LOW HITPOINT WARNING * * *
The orc wizard points at you and mumbles some strange words.
The puff of flame hits you!
You die...

# #........# +........# #####
#........###### .○°○..$$.○
#............. .§°§..$$.
#............. .°☼○...$.
#............. # #...#
#............. # #§§§#
##+#####............. # #§.○#
#...@...[#######+#### # #°§☼#
#....÷...)..........
#####...#####........#..........
.§...#o.....#........#..........
.....{......#[.......###'######.
.....#......#)....######...####.
######......o.....#.............
#.......#.....#.............
##......#.....#.............


You could see an orc wizard.

Vanquished Creatures
  A howler monkey (D:4)
  An orc wizard (D:4)
  A worker ant (D:4)
  5 adders
  4 worms
  A dart slug (D:1)
  8 orcs (D:4)
  A ball python (D:2)
  2 giant cockroaches
  5 goblins
  2 hobgoblins
  4 jackals (D:3)
  4 kobolds
  A quokka (D:4)
  3 bats
  3 frilled lizards (D:1)
  6 rats
52 creatures vanquished.

Vanquished Creatures (others)
  A plant (D:4)
1 creature vanquished.

Grand Total: 53 creatures vanquished

Notes
Turn   | Place    | Note
-------+----------+-------------------------------------------
     0 | D:1      | jasper the Demonspawn Necromancer began the quest for the
                  | Orb.
     0 | D:1      | Reached XP level 1. HP: 13/13 MP: 3/3
   367 | D:1      | Gained mutation: You are partially covered in thin metallic
                  | scales. (AC +2) [demonic ancestry]
   367 | D:1      | Reached XP level 2. HP: 11/20 MP: 3/5
  1128 | D:2      | Reached skill level 1 in Fighting
  1170 | D:2      | Reached skill level 1 in Armour
  1170 | D:2      | Reached skill level 5 in Necromancy
  1170 | D:2      | Gained mutation: You have a pair of small horns on your
                  | head. [demonic ancestry]
  1170 | D:2      | Reached XP level 3. HP: 20/26 MP: 1/6
  1174 | D:2      | Learned a level 3 spell: Vampiric Draining
  1176 | D:2      | Learned a level 1 spell: Animate Skeleton
  1896 | D:3      | Gained mutation: A meltable shield of frost defends you.
                  | (SH +0) [demonic ancestry]
  1896 | D:3      | Reached XP level 4. HP: 30/32 MP: 7/7
  2054 | D:3      | Noticed Sigmund
  2573 | D:4      | Gained mutation: A meltable icy envelope protects you from
                  | harm. (AC +0) [demonic ancestry]
  2573 | D:4      | Reached XP level 5. HP: 29/38 MP: 8/8
  2723 | D:4      | Reached skill level 6 in Necromancy
  3004 | D:4      | Killed from afar by an orc wizard

Illustrated notes

Levels and vault maps discovered:
D:1:      dpeg_arrival_arbitrary_c, layout_loops_cross
D:2:      wad_river_or_something, layout_loops_ring
D:3:      layout_basic, serial_glass, glass_columns_b, glass_columns_a,
          glass_columns_a, glass_columns_a, glass_columns_a, glass_columns_a,
          glass_columns_a, glass_columns_c, uniq_sigmund
D:4:      layout_gridville, serial_forest, infiniplex_forest_clump_small,
          infiniplex_forest_clump_curved, infiniplex_forest_lined_4_way,
          infiniplex_forest_clump_cross, grunt_decor_arrowhead,
          lemuel_flame_loot_1, uniq_crazy_yiuf_cottage

Skill      XL: |  1  2  3  4  5 |
---------------+----------------+-----
Fighting       | 1 2 |  2.3
Armour         | 1 2 |  2.1
Necromancy     | 5 6 |  6.1
Dodging        | |  1.7
Stealth        | |  1.7
Spellcasting   | |  2.0

Action                   |  1- 3 |  4- 6 || total
-------------------------+-------+-------++-------
Melee: Unarmed           |    12 |       ||    12
       Dagger            |     8 |       ||     8
       Whip              |    66 |    52 ||   118
       Headbutt          |     6 |     9 ||    15
 Cast: Pain              |    24 |     4 ||    28
       Vampiric Draining |     1 |     6 ||     7
  Use: Scroll            |     4 |     2 ||     6
       Potion            |       |     1 ||     1
 Stab: Sleeping          |     6 |     2 ||     8
Armor: Robe              |    36 |    25 ||    61
Dodge: Dodged            |    86 |    49 ||   135
Block: Other             |       |     6 ||     6

Table legend: (Time is in decaauts)
 A = Elapsed time spent in this place.
 B = Non-inter-level travel time spent in this place.
 C = Inter-level travel time spent in this place.
 D = Time resting spent in this place.
 E = Time spent auto-exploring this place.
 F = Levels seen in this place.
 G = Mean time per level.
                   A        B        C        D        E       F      G
               +--------+--------+--------+--------+--------+-----+--------+
         Total |   3016 |   2985 |     31 |    449 |   2036 |   4 |  754.0 |
       Dungeon |   3016 |   2985 |     31 |    449 |   2036 |   4 |  754.0 |
               +--------+--------+--------+--------+--------+-----+--------+

Top non-repeatable levels by time:
     D:1: 1328 daAuts
     D:4: 945 daAuts
     D:3: 590 daAuts
     D:2: 152 daAuts
